 Dungeon Crawl Stone Soup version 0.18.1-50-g88ac8fd (webtiles) character file.

205 Peloso the Skirmisher (level 5, -10/46 HPs)
             Began as a Ghoul Fighter on Oct 28, 2016.
             Mangled by Sigmund
             ... wielding a +0 scythe
              (11 damage)
             ... on level 4 of the Dungeon.
             The game lasted 00:05:31 (2080 turns).

Peloso the Skirmisher (Ghoul Fighter)               Turns: 2080, Time: 00:05:32

Health: -10/46     AC: 11    Str: 20    XL:     5   Next: 83%
Magic:  4/4        EV:  8    Int:  3    God:
Gold:   106        SH:  9    Dex:  9    Spells: 0 memorised, 4 levels left

rFire  . . .     SeeInvis .     a - +0 long sword
rCold  + . .     Gourm    .     b - +0 scale mail
rNeg   + + +     Faith    .     c - +0 shield
rPois  ∞         Spirit   .     m - +0 helmet (curse)
rElec  .         Dismiss  .     h - +2 cloak
rCorr  .         Reflect  .     (no gloves)
SustAt .         Harm     .     (no boots)
MR     .....                    (no amulet)
Stlth  ..........               (no ring)
                                (no ring)

@: rotting, not resistant to hostile enchantments, extremely unstealthy
A: rotting body, claws 1, carnivore 3, cold resistance 1, negative energy
resistance 3, slow regeneration 1, torment resistance, unbreathing
a: no special abilities


You were on level 4 of the Dungeon.
You were not hungry.

You visited 1 branch of the dungeon, and saw 4 of its levels.

You collected 106 gold pieces.

Inventory:

Hand Weapons
 a - a +0 long sword (weapon)
Armour
 b - a +0 scale mail (worn)
 c - a +0 shield (worn)
 h - a +2 cloak (worn)
 m - a cursed +0 helmet (worn)
Jewellery
 n - an uncursed ring of fire {unknown}
Wands
 q - a wand of random effects (18/48)
Scrolls
 e - 2 scrolls of teleportation {unknown}
 o - 2 scrolls of remove curse {unknown}
 p - a scroll of immolation {unknown}
Potions
 i - 4 potions of curing {unknown}
 j - a potion of cure mutation {unknown}
 k - a potion of magic {unknown}
 l - 2 potions of invisibility {unknown}
 r - a potion of flight {unknown}
 u - a potion of resistance {unknown}
Books
 t - a book of Necromancy

   Spells                             Type                      Level
   a - Pain                           Necromancy                   1
   b - Animate Skeleton               Necromancy                   1
   c - Vampiric Draining              Necromancy                   3
   d - Regeneration                   Charms/Necromancy            3
   e - Animate Dead                   Necromancy                   4
   f - Control Undead                 Necromancy                   4
Comestibles
 f - 3 meat rations
 s - a beef jerky


   Skills:
 + Level 3.8 Fighting
 + Level 3.1 Long Blades
 + Level 3.6 Armour
 + Level 1.7 Dodging
 + Level 0.5 Stealth
 + Level 3.5 Shields


You had 4 spell levels left.
You didn't know any spells.

Dungeon Overview and Level Annotations

Branches:
Dungeon (4/15)
 Temple: D:4-7

Altars:
Cheibriados
Pakellas

Annotations:
D:4 Sigmund


Innate Abilities, Weirdness & Mutations

Your body is rotting away.
You thrive on raw meat.
You are immune to poison.
You have sharp fingernails.
You are carnivorous and can eat meat at any time.
Your flesh is cold resistant.
You are immune to negative energy.
You regenerate slowly when monsters are visible.
You are immune to unholy pain and torment.
You can survive without breathing.


Message History

You closely miss something. Something hits you but does no damage.
You closely miss something. Something hits you.
* * * LOW HITPOINT WARNING * * *
You closely miss something.
Sigmund appears from thin air!
Reactivating autopickup.
You block Sigmund's attack.
Your shield and scale mail prevent you from hitting Sigmund.
Sigmund is severely wounded.
You feel a little less mighty now. Sigmund hits you with a scythe!
* * * LOW HITPOINT WARNING * * *
You hit Sigmund but do no damage.
Sigmund is severely wounded.
You block Sigmund's attack.
You hit Sigmund but do no damage.
Sigmund is severely wounded.
Your shield prevents you from hitting Sigmund.
Sigmund is severely wounded.
Sigmund hits you with a scythe!
You die...

....
...#################
#..................#
#..................#
#..................+
.##+#..................#
..........######.......#
.....?....#....#.<.....#
.......@..+....'.......+
.......@.>######.......#
..######'####..##'#.....
. #....+.....#.....
#....#.....#.....
#....#.....# ....
#...##..##+# ....
+###...##..#
............#


You could see Sigmund.

Vanquished Creatures
  The ghost of Tyryt0 the Ducker, an amateur OpFi of Ashenzari (D:3)
  2 adders
  A worm (D:2)
  3 dart slugs
  2 giant geckos (D:2)
  A ball python (D:1)
  A bat (D:1)
  A giant cockroach (D:1)
  11 hobgoblins
  2 jackals (D:3)
  2 quokkas (D:2)
  5 giant newts
  6 goblins
  8 kobolds
  9 rats
55 creatures vanquished.

Notes
Turn   | Place    | Note
--------------------------------------------------------------
     0 | D:1      | Peloso the Ghoul Fighter began the quest for the Orb.
     0 | D:1      | Reached XP level 1. HP: 19/19 MP: 0/0
   211 | D:1      | Reached XP level 2. HP: 23/26 MP: 1/1
   597 | D:1      | Reached XP level 3. HP: 32/33 MP: 2/2
   882 | D:2      | Found an oddly glowing altar of Pakellas.
  1063 | D:2      | Reached XP level 4. HP: 36/40 MP: 3/3
  1072 | D:2      | Reached skill level 1 in Dodging
  1106 | D:2      | Found a snail-covered altar of Cheibriados.
  1678 | D:3      | Noticed Tyryt0's ghost (amateur OpFi)
  1716 | D:3      | Killed Tyryt0's ghost
  1716 | D:3      | Reached XP level 5. HP: 24/45 MP: 4/4
  2030 | D:4      | Noticed Sigmund
  2077 | D:4      | HP: 1/46 [Sigmund/scythe (8)]
  2080 | D:4      | Mangled by Sigmund

Skill      XL: |  1  2  3  4 |
---------------+-------------+-----
Long Blades    | 2 3 |  3.1
Armour         | 3 |  3.6
Shields        | 3 |  3.5
Dodging        | 1 |  1.7
Fighting       | |  3.8
Stealth        | |  0.5

Action                   |  1- 3 |  4- 6 || total
-------------------------+-------+-------++-------
Melee: Long sword        |   120 |   138 ||   258
  Use: Potion            |       |     1 ||     1
  Eat: Chunk             |     1 |     4 ||     5
Armor: Scale mail        |    59 |    53 ||   112
Dodge: Dodged            |    53 |    32 ||    85
Block: Shield            |    57 |    55 ||   112
